3AAA
SUNSET DISTRICT FOG @ ALASKAN HUMPBACKS
05/10/2030
 
TOP OF THE 1ST
Sunset District Fog batting - Pitching for Alaskan Humpbacks : RHP Delano Turnipseed
Pitching: RHP Delano Turnipseed
Batting: SHB Orlando Villa 0-0: Ball
1-0: Ball
2-0: Swinging Strike
2-1: Called Strike
2-2: Ground out 5-3 (Groundball, 56)
Batting: RHB José Vargas 0-0: Ball
1-0: Ball
2-0: Ground out 6-3 (Groundball, 6M)
Batting: RHB Colin O'Connell 0-0: Ball
1-0: Called Strike
1-1: Ball
2-1: Swinging Strike
2-2: Foul Ball, location: 2F
2-2: Foul Ball, location: 2F
2-2: Foul Ball, location: 2F
2-2: Ball
3-2: Foul Ball, location: 2F
3-2: Strikes out swinging, 2-3 out at first.
Top of the 1st over - 0 runs, 0 hits, 0 errors, 0 left on base; Sunset District 0 - Alaskan 0
BOTTOM OF THE 1ST
Alaskan Humpbacks batting - Pitching for Sunset District Fog : RHP Larry Strozier
Pitching: RHP Larry Strozier
Batting: RHB Reece Cockin 0-0: Ball
1-0: Fly out, F8 (Line Drive, 8RD)
Batting: LHB Herman Hayes 0-0: Foul Ball, location: 2F
0-1: SINGLE (Groundball, 6MD)
Batting: RHB Ramón Valdéz 0-0: Ball
1-0: Grounds into double play, 1-4-3 (Groundball, 15S)
Bottom of the 1st over - 0 runs, 1 hit, 0 errors, 0 left on base; Sunset District 0 - Alaskan 0
TOP OF THE 2ND
Sunset District Fog batting - Pitching for Alaskan Humpbacks : RHP Delano Turnipseed
Batting: RHB Armando Rodríguez 0-0: Ground out 4-3 (Groundball, 34D)
Batting: RHB Simon Yusaf Khel 0-0: Fly out, F9 (Flyball, 9)
Batting: LHB Enrique Vásquez 0-0: Ball
1-0: Foul Ball, location: 2F
1-1: Foul Ball, location: 2F
1-2: Foul Ball, location: 2F
1-2: Ball
2-2: Fly out, F7 (Line Drive, 7)
Top of the 2nd over - 0 runs, 0 hits, 0 errors, 0 left on base; Sunset District 0 - Alaskan 0
BOTTOM OF THE 2ND
Alaskan Humpbacks batting - Pitching for Sunset District Fog : RHP Larry Strozier
Batting: LHB Héctor Cortéz 0-0: Called Strike
0-1: Ground out 4-3 (Groundball, 34D)
Batting: LHB Kelly Drijver 0-0: Fly out, F7 (Flyball, 7LDF)
Batting: SHB Evan Adams 0-0: Ground out 6-3 (Groundball, 6)
Bottom of the 2nd over - 0 runs, 0 hits, 0 errors, 0 left on base; Sunset District 0 - Alaskan 0
TOP OF THE 3RD
Sunset District Fog batting - Pitching for Alaskan Humpbacks : RHP Delano Turnipseed
Batting: RHB Esteban Vázquez 0-0: Fly out, F7 (Line Drive, 7S)
Batting: SHB José Ángel 0-0: Called Strike
0-1: DOUBLE (Flyball, 89D)
Batting: SHB Esteban Lugo 0-0: Ball
1-0: Ball
2-0: SINGLE (Groundball, 4D)
José Ángel to third
Runner from 3rd tries for Home, SAFE, no throw
Batting: SHB Orlando Villa 0-0: Ball
1-0: Called Strike
1-1: Fielders Choice at 2nd, 4-6 (Groundball, 4)
Batting: RHB José Vargas 0-0: Called Strike
Orlando Villa is caught stealing 2nd base
Top of the 3rd over - 1 run, 2 hits, 0 errors, 0 left on base; Sunset District 1 - Alaskan 0
BOTTOM OF THE 3RD
Alaskan Humpbacks batting - Pitching for Sunset District Fog : RHP Larry Strozier
Batting: RHB Rob Morse 0-0: Ball
1-0: Ball
2-0: Called Strike
2-1: Ground out 6-3 (Groundball, 6)
Batting: SHB Francisco Reyes 0-0: Ball
1-0: SINGLE (Line Drive, 34)
Batting: RHB Adrian Barr 0-0: Ball
Francisco Reyes steals 2nd base
1-0: Called Strike
1-1: DOUBLE (Line Drive, 78D)
Francisco Reyes scores
Batting: RHB Reece Cockin 0-0: Foul Ball, location: 2F
0-1: Ball
1-1: Ball
2-1: Ball
3-1: Fly out, F7 (Flyball, 7S)
Batting: LHB Herman Hayes 0-0: Ground out 4-3 (Groundball, 4)
Bottom of the 3rd over - 1 run, 2 hits, 0 errors, 1 left on base; Sunset District 1 - Alaskan 1
TOP OF THE 4TH
Sunset District Fog batting - Pitching for Alaskan Humpbacks : RHP Delano Turnipseed
Batting: RHB José Vargas 0-0: Swinging Strike
0-1: Ball
1-1: Called Strike
1-2: Ground out 4-3 (Groundball, 4S)
Batting: RHB Colin O'Connell 0-0: Called Strike
0-1: Ball
1-1: Ground out 4-3 (Groundball, 4)
Batting: RHB Armando Rodríguez 0-0: Called Strike
0-1: Ball
1-1: Ground out 6-3 (Groundball, 6S)
Top of the 4th over - 0 runs, 0 hits, 0 errors, 0 left on base; Sunset District 1 - Alaskan 1
BOTTOM OF THE 4TH
Alaskan Humpbacks batting - Pitching for Sunset District Fog : RHP Larry Strozier
Batting: RHB Ramón Valdéz 0-0: DOUBLE (Flyball, 89D)
Batting: LHB Héctor Cortéz 0-0: Foul Ball, location: 2F
0-1: Ground out U3 (Groundball, 23)
Ramón Valdéz to third
Batting: LHB Kelly Drijver 0-0: Called Strike
0-1: Ball
1-1: Swinging Strike
1-2: Ball
2-2: Strikes out swinging
Batting: SHB Evan Adams 0-0: Called Strike
0-1: Swinging Strike
0-2: Ground out 5-3 (Groundball, 5S)
Bottom of the 4th over - 0 runs, 1 hit, 0 errors, 1 left on base; Sunset District 1 - Alaskan 1
TOP OF THE 5TH
Sunset District Fog batting - Pitching for Alaskan Humpbacks : RHP Delano Turnipseed
Batting: RHB Simon Yusaf Khel 0-0: Ball
1-0: Foul Ball, location: 2F
1-1: Ground out 6-3 (Groundball, 56)
Batting: LHB Enrique Vásquez 0-0: SINGLE (Line Drive, 4MD)
Batting: RHB Esteban Vázquez 0-0: Called Strike
0-1: Ball
1-1: Called Strike
1-2: Fly out, F3 (Popup, 3L)
Batting: SHB José Ángel 0-0: Ball
Wild Pitch!
Enrique Vásquez to second
1-0: SINGLE (Groundball, 4MD)
Enrique Vásquez to third
Runner from 3rd tries for Home, SAFE, no throw
Batting: SHB Esteban Lugo 0-0: Ball
1-0: SINGLE (Flyball, 9S)
José Ángel to second
Runner from 2nd tries for 3rd, SAFE, no throw
Batting: SHB Orlando Villa 0-0: Foul Ball, location: 2F
0-1: Foul Ball, location: 2F
0-2: Ball
1-2: Foul Ball, location: 2F
1-2: Fly out, F7 (Flyball, 7)
Top of the 5th over - 1 run, 3 hits, 0 errors, 2 left on base; Sunset District 2 - Alaskan 1
BOTTOM OF THE 5TH
Alaskan Humpbacks batting - Pitching for Sunset District Fog : RHP Larry Strozier
Batting: RHB Rob Morse 0-0: Called Strike
0-1: Called Strike
0-2: Foul Ball, location: 2F
0-2: Ball
1-2: Foul Ball, location: 2F
1-2: Strikes out swinging, 2-3 out at first.
Batting: SHB Francisco Reyes 0-0: Ball
1-0: Called Strike
1-1: Foul Ball, location: 2F
1-2: Fly out, F7 (Flyball, 7)
Batting: RHB Adrian Barr 0-0: Called Strike
0-1: Ball
1-1: Ball
2-1: Ball
3-1: Ground out 6-3 (Groundball, 6)
Bottom of the 5th over - 0 runs, 0 hits, 0 errors, 0 left on base; Sunset District 2 - Alaskan 1
TOP OF THE 6TH
Sunset District Fog batting - Pitching for Alaskan Humpbacks : RHP Delano Turnipseed
Batting: RHB José Vargas 0-0: Ball
1-0: Ground out 1-3 (Groundball, P)
Batting: RHB Colin O'Connell 0-0: Foul Ball, location: 2F
0-1: Ball
1-1: Fly out, F9 (Flyball, 9)
Batting: RHB Armando Rodríguez 0-0: Called Strike
0-1: Swinging Strike
0-2: Ball
1-2: Ground out 6-3 (Groundball, 56D)
Top of the 6th over - 0 runs, 0 hits, 0 errors, 0 left on base; Sunset District 2 - Alaskan 1
BOTTOM OF THE 6TH
Alaskan Humpbacks batting - Pitching for Sunset District Fog : RHP Larry Strozier
Batting: RHB Reece Cockin 0-0: Foul Ball, location: 2F
0-1: Foul Ball, location: 2F
0-2: Ball
1-2: Ball
2-2: Ball
3-2: Ground out 6-3 (Groundball, 6S)
Batting: LHB Herman Hayes 0-0: Ball
1-0: Ball
2-0: Ball
3-0: Base on Balls
Batting: RHB Ramón Valdéz 0-0: Swinging Strike
0-1: Ball
1-1: Fly out, F6 (Line Drive, 6)
Batting: LHB Héctor Cortéz 0-0: Foul Ball, location: 2F
0-1: Swinging Strike
0-2: Ball
1-2: Foul Ball, location: 2F
1-2: Foul Ball, location: 2F
1-2: SINGLE (Groundball, 3) (infield hit)
Herman Hayes to second
Batting: LHB Kelly Drijver 0-0: Called Strike
0-1: Ball
1-1: Ball
2-1: Ball
3-1: SINGLE (Line Drive, 34D)
Herman Hayes to third
Héctor Cortéz to second
Batting: SHB Evan Adams 0-0: Ball
1-0: Foul Ball, location: 2F
1-1: Ball
2-1: Foul Ball, location: 2F
2-2: Ball
3-2: SINGLE (Groundball, 34) (infield hit)
Herman Hayes scores
Héctor Cortéz to third
Kelly Drijver to second
Batting: RHB Rob Morse 0-0: Ball
1-0: Called Strike
1-1: Called Strike
1-2: Ball
2-2: Foul Ball, location: 2F
2-2: SINGLE (Line Drive, 89S)
Héctor Cortéz scores
Kelly Drijver to third
Evan Adams to second
Runner from 3rd tries for Home, SAFE, throw made home
Pitching: LHP Roberto Silva
Batting: SHB Francisco Reyes 0-0: Ball
1-0: 3-RUN HOME RUN (Line Drive, 78XD), Distance : 418 ft
Batting: RHB Adrian Barr 0-0: Called Strike
0-1: Ground out 4-3 (Groundball, 4M)
Bottom of the 6th over - 6 runs, 5 hits, 0 errors, 0 left on base; Sunset District 2 - Alaskan 7
TOP OF THE 7TH
Sunset District Fog batting - Pitching for Alaskan Humpbacks : RHP Delano Turnipseed
Batting: RHB Simon Yusaf Khel 0-0: Called Strike
0-1: Swinging Strike
0-2: Ball
1-2: Foul Ball, location: 2F
1-2: Ball
2-2: Foul Ball, location: 2F
2-2: Foul Ball, location: 2F
2-2: Ball
3-2: Fly out, F8 (Flyball, 8LM)
Batting: LHB Enrique Vásquez 0-0: Ball
1-0: Ball
2-0: Ball
3-0: Called Strike
3-1: Ground out 4-3 (Groundball, 4)
Batting: RHB Esteban Vázquez 0-0: Called Strike
0-1: Ball
1-1: Swinging Strike
1-2: Fly out, F9 (Flyball, 89M)
Top of the 7th over - 0 runs, 0 hits, 0 errors, 0 left on base; Sunset District 2 - Alaskan 7
BOTTOM OF THE 7TH
Alaskan Humpbacks batting - Pitching for Sunset District Fog : LHP Roberto Silva
Batting: RHB Reece Cockin 0-0: Called Strike
0-1: Swinging Strike
0-2: Foul Ball, location: 2F
0-2: Strikes out looking
Batting: LHB Herman Hayes 0-0: Ball
1-0: Ball
2-0: Called Strike
2-1: Called Strike
2-2: Strikes out swinging
Batting: RHB Ramón Valdéz 0-0: Ball
1-0: Ball
2-0: Called Strike
2-1: Foul Ball, location: 2F
2-2: Ball
3-2: Strikes out swinging
Bottom of the 7th over - 0 runs, 0 hits, 0 errors, 0 left on base; Sunset District 2 - Alaskan 7
TOP OF THE 8TH
Sunset District Fog batting - Pitching for Alaskan Humpbacks : RHP Delano Turnipseed
Pitching: LHP Billy Grange
Batting: SHB José Ángel 0-0: Foul Ball, location: 2F
0-1: Foul Ball, location: 2F
0-2: Ball
1-2: Foul Ball, location: 2F
1-2: Ball
2-2: Ground out 4-3 (Groundball, 4)
Batting: SHB Esteban Lugo 0-0: Foul Ball, location: 2F
0-1: Foul Ball, location: 2F
0-2: Ball
1-2: Ground out 6-3 (Groundball, 6S)
Batting: SHB Orlando Villa 0-0: Swinging Strike
0-1: Foul Ball, location: 2F
0-2: Ball
1-2: Foul Ball, location: 2F
1-2: Fly out, F7 (Flyball, 7S)
Top of the 8th over - 0 runs, 0 hits, 0 errors, 0 left on base; Sunset District 2 - Alaskan 7
BOTTOM OF THE 8TH
Alaskan Humpbacks batting - Pitching for Sunset District Fog : LHP Roberto Silva
Batting: LHB Héctor Cortéz 0-0: Ball
1-0: Ground out U3 (Groundball, 3)
Batting: LHB Kelly Drijver 0-0: Called Strike
0-1: Foul Ball, location: 2F
0-2: Strikes out swinging
Batting: SHB Evan Adams 0-0: Called Strike
0-1: Swinging Strike
0-2: Strikes out swinging
Bottom of the 8th over - 0 runs, 0 hits, 0 errors, 0 left on base; Sunset District 2 - Alaskan 7
TOP OF THE 9TH
Sunset District Fog batting - Pitching for Alaskan Humpbacks : LHP Billy Grange
Batting: RHB José Vargas 0-0: Ball
1-0: Ball
2-0: Called Strike
2-1: Fly out, F7 (Flyball, 7D)
Batting: RHB Colin O'Connell 0-0: Foul Ball, location: 2F
0-1: Foul Ball, location: 2F
0-2: Fly out, F8 (Flyball, 8RM)
Batting: RHB Armando Rodríguez 0-0: Ball
1-0: Called Strike
1-1: Called Strike
1-2: SINGLE (Flyball, 89S)
Batting: RHB Simon Yusaf Khel 0-0: Ball
1-0: SINGLE (Flyball, 89S)
Armando Rodríguez to second
Batting: LHB Enrique Vásquez 0-0: Ground out 1-3 (Groundball, P)
Top of the 9th over - 0 runs, 2 hits, 0 errors, 2 left on base; Sunset District 2 - Alaskan 7
Sunday, March 18th, 2018 - OOTP Baseball 18.8 Build 76